 Dungeon Crawl Stone Soup version 0.29-a0-283-ga02f740833 (webtiles) character file.

Game seed: 12101321957328025330

199 spaghetti the Shield-Bearer (level 5, -10/41 HPs)
             Began as a Demonspawn Fighter on Mar 14, 2022.
             Was an Initiate of Gozag.
             Mangled by an ogre
             ... wielding a +0 giant spiked club
              (27 damage)
             ... on level 3 of the Dungeon.
             The game lasted 00:03:52 (2691 turns).

spaghetti the Shield-Bearer (Demonspawn Fighter)    Turns: 2691, Time: 00:03:53

Health: -10/41     AC:  7    Str: 17    XL:     5   Next: 48%
Magic:  5/5        EV: 10    Int:  9    God:    Gozag
Gold:   525        SH:  0    Dex: 16    Spells: 4/4 levels left

rFire   . . .      SeeInvis .   p - +2 whip (elec) {mace}
rCold   . . .      Faith    .   c - +0 buckler
rNeg    . . .      Spirit   .   b - +0 scale mail
rPois   .          Reflect  .   (no helmet)
rElec   .          Harm     .   v - +0 cloak
rCorr   .          Rampage  .   (no gloves)
Will    .....                   (no boots)
Stlth   ..........              (no amulet)
HPRegen 0.13/turn               (no ring)
MPRegen 0.09/turn               (no ring)

@: confused, ambrosia-drunk
A: hooves 1, thin skeletal structure 1
a: Renounce Religion, Potion Petition, Call Merchant, Bribe Branch


You were on level 3 of the Dungeon.
You worshipped Gozag.
Gozag was pleased with you.
You visited 1 branch of the dungeon, and saw 4 of its levels.

You collected 525 gold pieces.


Innate Abilities, Weirdness & Mutations

You have large cloven feet.
You have a somewhat thin skeletal structure. (Dex +2, Stealth+)


   Skills:
 - Level 3.0 Fighting
 - Level 1.7 Long Blades
 - Level 2.0 Maces & Flails
 - Level 2.6 Armour
 + Level 2.8 Dodging
 + Level 4.1 Shields


You had 4 spell levels left.
You didn't know any spells.
Your spell library contained the following spells:

 Spells                   Type           Power      Damage    Failure   Level
 Ozocubu's Armour         Ice            0%         N/A       99%         3
 Ozocubu's Refrigeration  Ice            0%         4d5       100%        7

Inventory:

Hand Weapons
 a - a +0 long sword {long}
 j - a +1 war axe of freezing {axe}
   (You found it on level 1 of the Dungeon)
 p - a +2 whip of electrocution (weapon) {mace}
   (You found it on level 2 of the Dungeon)
Missiles
 e - 43 stones (quivered) {throwing}
 n - 2 poisoned darts {throwing}
Armour
 b - a +0 scale mail (worn)
 c - a +0 buckler (worn)
 v - a +0 cloak (worn)
   (You found it on level 2 of the Dungeon)
Jewellery
 A - a ring of see invisible
   (You found it on level 4 of the Dungeon)
 C - a ring of magical power
   (You took it off an orc on level 3 of the Dungeon)
Wands
 B - a wand of flame (10)
   (You took it off an orc on level 4 of the Dungeon)
Scrolls
 f - a scroll of amnesia
 g - a scroll of fog
 h - a scroll of blinking {!r}
 i - a scroll of vulnerability {!r!r}
 l - a scroll of torment {!r}
 m - 2 scrolls of magic mapping {!r}
 o - a scroll of immolation {unknown}
 q - a scroll of summoning {unknown}
 t - a scroll of teleportation {unknown}
 u - 2 scrolls of enchant weapon {unknown}
 x - a scroll of enchant armour {unknown}
 y - a scroll of identify {@r1}
 z - a scroll of noise {unknown}
Potions
 d - 3 potions of might
 k - a potion of heal wounds {@q2}
 s - a potion of flight {unknown}
 w - a potion of curing {unknown}
 D - a potion of magic {unknown}

Dungeon Overview and Level Annotations

Branches:
Dungeon (4/15)
 Temple: D:4-7

Altars:
Gozag
Sif Muna

#...# #.#
##.##
####.#
###.#
#....#
#.#.#
#.####
.#..# #.#
###.## #.#
# ##.# #.#
###.## #.#
)#.## #@#
)...#
#.O..(..#
#.#.#
#######.#
#.#.##
#....######
...#.......
...>.####
.##.## .
..#


You could see an ogre.


Message History

You completely miss the ufetubus. Your kick misses the ufetubus.
The ufetubus hits you. You block the ufetubus's attack.
You hit the ufetubus. Lightning courses through the ufetubus!
You kill the ufetubus!
No target in view!
No target in view! 😕 HP[-3]
You take 3 damage, and now have 38/41 hp.
No target in view!
No target in view!
No target in view!
No target in view!
No target in view!
No target in view!
No target in view!
No target in view!
No target in view!
No target in view!
No target in view!
No target in view!
You now have 500 gold pieces (gained 6).
A bat comes into view.
Found a stone staircase leading down. 😎 HP[+3]
Your hp is fully restored (41).
A bat is nearby!
A bat is nearby!
A bat is nearby!
A bat is nearby!
You throw a stone {throwing}.
The stone {throwing} hits the bat but does no damage.
You throw a stone {throwing}.
The stone {throwing} barely misses the bat.
You block the bat's attack.
You hit the bat.
You kill the bat!
No target in view!
No target in view!
No target in view!
No target in view!
No target in view!
No target in view!
No target in view!
No target in view!
No target in view!
No target in view!
No target in view!
You now have 506 gold pieces (gained 6).
e - 43 stones {throwing} (gained 1)
y - a scroll of identify {@r1} A ball python comes into view.
A ball python is nearby!
A ball python is nearby!
You throw a stone {throwing}.
The stone {throwing} hits the ball python.
You throw a stone {throwing}.
The stone {throwing} barely misses the ball python.
The ball python bites you. The ball python grabs you.
The ball python constricts you. 😕 HP[-1]
You take 1 damage, and now have 40/41 hp.
You hit the ball python but do no damage.
You kick the ball python.
The ball python bites you but does no damage.
The ball python constricts you.
You closely miss the ball python. You kick the ball python.
You kill the ball python!
No target in view!
No target in view!
No target in view!
No target in view!
Found an escape hatch in the ceiling. 😎 HP[+1]
Your hp is fully restored (41).
You now have 512 gold pieces (gained 6).
e - 42 stones {throwing} (gained 1)
You now have 525 gold pieces (gained 13).
e - 43 stones {throwing} (gained 1)
e - 44 stones {throwing} (gained 1) Key pressed, stopping explore.
Key pressed, stopping explore.
An ogre comes into view. It is wielding a +0 giant spiked club.
You throw a stone {throwing}. The stone {throwing} hits the ogre.
It was a potion of heal wounds.
You feel much better.
It was a potion of ambrosia.
You are confused.
You feel invigorated.
You bump into the rock wall.
The ogre hits you with a +0 giant spiked club!!
Ouch! That really hurt!
* * * LOW HITPOINT WARNING * * *
😨 HP[-27]
You take 27 damage, and now have 14/41 hp.
MASSIVE DAMAGE!! (PAUSE)
You bump into the rock wall.
The ogre hits you with a +0 giant spiked club!!
Ouch! That really hurt!
You die...
Your body crumbles into a pile of gold.

Skill      XL: |  1  2  3  4  5 |
---------------+----------------+-----
Dodging        | 1 2 |  2.8
Shields        | 3 4 |  4.1
Maces & Flails | 1 2 |  2.0
Fighting       | |  3.0
Long Blades    | |  1.7
Armour         | |  2.6

Action                   |  1- 3 |  4- 6 || total
-------------------------+-------+-------++-------
Melee: Long sword        |    34 |       ||    34
       Whip              |    38 |    42 ||    80
       Kick              |    11 |     9 ||    20
Throw: Stone             |    49 |    32 ||    81
  Use: Scroll            |     2 |     4 ||     6
       Potion            |       |     2 ||     2
Armor: Scale mail        |    23 |    27 ||    50
Dodge: Dodged            |    42 |    23 ||    65
Block: Buckler           |    15 |    14 ||    29

Levels and vault maps discovered:
D:1:      giann_bridges, layout_basic,
          dreamdust_ecumenical_altar_angels_and_demons,
          chequers_serial_rivers_small_3, grunt_decor_one_mirror
D:2:      layout_loops_corners, minmay_increasing_density
D:3:      layout_loops_ring, mainiacjoe_overflow_small_starburst,
          chequers_temple_overflow_statue_of_worship, minivault_25
D:4:      layout_basic, amcnicky_altar_gilded, nicolae_uskayaw_suspiria,
          cheibrodos_worm_habitat

Notes
Turn   | Place    | Note
-------+----------+-------------------------------------------
     0 | D:1      | spaghetti the Demonspawn Fighter began the quest for the
                  | Orb.
     0 | D:1      | Reached XP level 1. HP: 18/18 MP: 1/1
     0 | D:1      | magus.rc [v1.9.6]
    67 | D:1      | Found a faded altar of an unknown god.
    73 | D:1      | Prayed at the altar of an unknown god.
    73 | D:1      | Became a worshipper of Gozag Ym Sagoz the Greedy
   300 | D:1      | You add the spells Ozocubu's Armour and Ozocubu's
                  | Refrigeration to your library.
   461 | D:1      | Reached skill level 1 in Dodging
   461 | D:1      | Reached skill level 3 in Shields
   461 | D:1      | Gained mutation: You have large cloven feet. [demonic
                  | ancestry]
   461 | D:1      | Reached XP level 2. HP: 24/24 MP: 2/2
  1539 | D:2      | Reached XP level 3. HP: 22/29 MP: 3/3
  1862 | D:3      | You fall into a shaft and drop 1 floor!
  1869 | D:4      | Noticed a phantom
  1879 | D:4      | Killed a phantom
  1880 | D:4      | Reached skill level 1 in Maces & Flails
  1880 | D:4      | Reached skill level 2 in Dodging
  1880 | D:4      | Reached XP level 4. HP: 30/35 MP: 4/4
  1973 | D:4      | Found a shimmering blue altar of Sif Muna.
  2323 | D:4      | Reached skill level 2 in Maces & Flails
  2323 | D:4      | Gained mutation: You have a somewhat thin skeletal
                  | structure. (Dex +2, Stealth+) [demonic ancestry]
  2323 | D:4      | Reached XP level 5. HP: 36/41 MP: 5/5
  2417 | D:3      | Reached skill level 4 in Shields
  2686 | D:3      | Noticed an ogre
  2691 | D:3      | Mangled by an ogre

Vanquished Creatures
  A phantom (D:4)
  A hound (D:4)
  An orc wizard (D:3)
  An adder (D:2)
  An ufetubus (D:3)
  A dart slug (D:2)
  8 orcs
  6 ball pythons
  2 endoplasms
  A giant cockroach (D:2)
  2 goblins
  2 hobgoblins (D:2)
  2 jackals (D:1)
  6 kobolds (D:2)
  3 quokkas (D:2)
  5 bats
  4 frilled lizards
  4 rats
51 creatures vanquished.

Table legend:
 A = Non-vault XP
 B = Vault XP
 C = Vault XP percentage of total XP
 D = Non-vault monster count
 E = Vault monster count
 F = Vault count percentage of total count
                 A         B        C        D         E       F
            +---------+---------+-------+---------+---------+-------
      Total |     273 |      12 |   4.2 |      43 |       8 |  15.7
            +---------+---------+-------+---------+---------+-------
        D:1 |      14 |       0 |   0.0 |       9 |       0 |   0.0
        D:2 |      38 |      12 |  24.0 |      17 |       8 |  32.0
        D:3 |      60 |       0 |   0.0 |       9 |       0 |   0.0
        D:4 |     161 |       0 |   0.0 |       8 |       0 |   0.0
            +---------+---------+-------+---------+---------+-------

Illustrated notes

Table legend:
 A = Kills in this place as a percentage of kills in entire the game.
 B = Kills by you in this place as a percentage of kills by you in the entire game.
 C = Kills by friends in this place as a percentage of kills by friends in the entire game.
 D = Other kills in this place as a percentage of other kills in the entire game.
 E = Experience gained in this place as a percentage of experience gained in the entire game.
 F = Experience gained in this place divided by the number of levels of this place that you have seen.
                   A       B       C       D       E      F
               +-------+-------+-------+-------+-------+----------------------
         Total | 100.0 | 100.0 |   N/A |   N/A | 100.0 |  71.2
       Dungeon | 100.0 | 100.0 |   N/A |   N/A | 100.0 |  71.2
               +-------+-------+-------+-------+-------+----------------------

Table legend: (Time is in decaauts)
 A = Elapsed time spent in this place.
 B = Non-inter-level travel time spent in this place.
 C = Inter-level travel time spent in this place.
 D = Time resting spent in this place.
 E = Time spent auto-exploring this place.
 F = Levels seen in this place.
 G = Mean time per level.
                   A        B        C        D        E       F      G
               +--------+--------+--------+--------+--------+-----+--------+
         Total |   2721 |   2659 |     62 |      0 |   2248 |   4 |  680.2 |
       Dungeon |   2721 |   2659 |     62 |      0 |   2248 |   4 |  680.2 |
               +--------+--------+--------+--------+--------+-----+--------+

Top non-repeatable levels by time:
     D:2: 1227 daAuts
     D:1: 654 daAuts
     D:4: 524 daAuts
     D:3: 315 daAuts
